 Dungeon Sprint DCSS version 0.27-a0-1332-g84bddb5ca7 (webtiles) character file.

Game seed: 4785754770281240136

998 arson the Fighter (level 8, -25/90 HPs)
             Began as a Minotaur Fighter on June 26, 2021.
             Was a Believer of Makhleb.
             Annihilated by a boulder beetle (26 damage)
             ... in the Dungeon (Sprint IX: "|||||||||||||||||||||||||||||").
             The game lasted 00:02:58 (515 turns).

arson the Fighter (Minotaur Fighter)                 Turns: 515, Time: 00:02:58

Health: -25/90     AC:  8    Str: 22    XL:     8   Next: 0%
Magic:  7/7        EV:  7    Int:  5    God:    Makhleb [**....]
Gold:   0          SH: 10    Dex: 14    Spells: 7/7 levels left

rFire    . . .     SeeInvis .   m - +2 scimitar (holy)
rCold    . . .     Faith    .   c - +0 kite shield
rNeg     . . .     Spirit   .   b - +0 scale mail
rPois    .         Reflect  .   (helmet restricted)
rElec    .         Harm     .   (no cloak)
rCorr    .         Rampage  .   (no gloves)
Will     .....     NoTele   +   (no boots)
Stlth    ..........             (no amulet)
HPRegen  0.25/turn              o - +2 ring of protection
MPRegen  0.10/turn              p - +3 ring of dexterity

@: no status effects
A: horns 2, retaliatory headbutt
a: Renounce Religion, Minor Destruction


You were in the Dungeon.
You worshipped Makhleb.
Makhleb was pleased with you.
You visited 1 branch

Inventory:

Hand Weapons
 a - a +0 long sword
 m - a +2 scimitar of holy wrath (weapon)
Armour
 b - a +0 scale mail (worn)
 c - a +0 kite shield (worn)
 n - a +0 plate armour
Jewellery
 o - a +2 ring of protection (left hand)
 p - a +3 ring of dexterity (right hand)
Wands
 l - a wand of acid (10)
Scrolls
 j - 2 scrolls of blinking
 k - 2 scrolls of amnesia
Potions
 d - a potion of invisibility
 e - 5 potions of curing
 f - a potion of heal wounds
 g - a potion of haste
 h - 4 potions of magic


   Skills:
 + Level 14.4 Fighting
 + Level 14.2 Long Blades
 - Level 3.6 Armour
 - Level 3.6 Shields


You had 7 spell levels left.
You didn't know any spells.
Your spell library was empty.

Dungeon Overview and Level Annotations

Branches:
Dungeon (1/1)

Altars:
Cheibriados
Dithmenos
Elyvilon
Fedhas
Gozag
Hepliaklqana
Kikubaaqudgha
Makhleb
Nemelex Xobeh
Okawaru
Qazlal
Ru
Sif Muna
Trog
Uskayaw
Vehumet
Wu Jian
Xom
Yredelemnul
Zin
The Shining One
Beogh
Jiyva
Lugonu


Innate Abilities, Weirdness & Mutations

You have a pair of horns on your head.
You reflexively headbutt those who attack you in melee.


Message History

You barely miss the red ugly thing.
The red ugly thing is lightly wounded.
The red ugly thing closely misses you.
You hit the red ugly thing.
The red ugly thing is lightly wounded.
The boulder beetle leaps!
You block the red ugly thing's attack.
You closely miss the red ugly thing.
The red ugly thing is lightly wounded.
The boulder beetle bites you!! You block the red ugly thing's attack.
You slash the red ugly thing!
The red ugly thing is moderately wounded.
The boulder beetle bites you!
* * * LOW HITPOINT WARNING * * *
You block the red ugly thing's attack.
You slash the red ugly thing!
Your headbutt misses the red ugly thing.
The red ugly thing is severely wounded.
The boulder beetle bites you but does no damage.
The red ugly thing tentacle-slaps you.
* * * LOW HITPOINT WARNING * * *
You are engulfed in flames!!
* * * LOW HITPOINT WARNING * * *
You hit the boulder beetle but do no damage.
The slime creature jiggles.
The boulder beetle bites you but does no damage.
The red ugly thing tentacle-slaps you but does no damage.
You hit the boulder beetle but do no damage.
You headbutt the boulder beetle.
The boulder beetle is lightly wounded.
The boulder beetle closely misses you. You furiously retaliate!
You headbutt the boulder beetle, but do no damage.
You riposte.
You slash the boulder beetle!
The boulder beetle is lightly wounded.
You block the red ugly thing's attack.
Unknown command.
You hit the boulder beetle but do no damage.
The boulder beetle is lightly wounded.
The red ugly thing is no longer covered in acid.
The boulder beetle bites you!!
You die... ▓▓▓▓▓▓▓▓▓▓▓▓▓▓▓▓▓▓▓▓▓▓▓▓ ..J.9.u@B.).)')..[[.)..' ▓▓▓▓▓▓▓▓▓▓▓▓▓▓▓▓▓▓▓▓▓▓▓▓

You could see a boulder beetle, a red ugly thing, a slime creature and a gargoyle.

Vanquished Creatures
  A two-headed ogre (D)
  A yak (D)
  A centaur (D)
  A killer bee (D)
  An orc priest (D)
  A hound (D)
  An orc wizard (D)
  A dart slug (D)
  An orc (D)
  3 endoplasms (D)
  A hobgoblin (D)
  2 ball python zombies (D)
  A frilled lizard (D)
16 creatures vanquished.

Notes
Turn   | Place    | Note
-------+----------+-------------------------------------------
     0 | D        | arson the Minotaur Fighter began the quest for the Orb.
     0 | D        | Reached XP level 1. HP: 19/19 MP: 0/0
    18 | D        | Noticed a hound
    18 | D        | Noticed a centaur
    25 | D        | Killed a centaur
    26 | D        | Reached XP level 2. HP: 22/35 MP: 1/1
    26 | D        | Reached XP level 3. HP: 25/40 MP: 2/2
    26 | D        | Reached XP level 4. HP: 30/48 MP: 3/3
    41 | D        | Found a snail-covered altar of Cheibriados.
    41 | D        | Found a shadowy altar of Dithmenos.
    41 | D        | Found a white marble altar of Elyvilon.
    41 | D        | Found a blossoming altar of Fedhas.
    41 | D        | Found an opulent altar of Gozag.
    42 | D        | Found a hazy altar of Hepliaklqana.
    43 | D        | Found a viscous altar of Jiyva.
    44 | D        | Found an ancient bone altar of Kikubaaqudgha.
    45 | D        | Found a corrupted altar of Lugonu.
    46 | D        | Found a burning altar of Makhleb.
    47 | D        | Found a sparkling altar of Nemelex Xobeh.
    48 | D        | Found an iron altar of Okawaru.
    49 | D        | Found a stormy altar of Qazlal.
    50 | D        | Found a sacrificial altar of Ru.
    51 | D        | Found a shimmering blue altar of Sif Muna.
    52 | D        | Found a bloodstained altar of Trog.
    53 | D        | Found a hide-covered altar of Uskayaw.
    54 | D        | Found a radiant altar of Vehumet.
    55 | D        | Found an ornate altar of the Wu Jian Council.
    58 | D        | Became a worshipper of Makhleb the Destroyer
   137 | D        | Found a shimmering altar of Xom.
   138 | D        | Found a basalt altar of Yredelemnul.
   139 | D        | Found a glowing silver altar of Zin.
   140 | D        | Found a glowing golden altar of the Shining One.
   169 | D        | Noticed a yak
   169 | D        | Noticed a two-headed ogre
   178 | D        | Killed a two-headed ogre
   179 | D        | Reached XP level 5. HP: 52/66 MP: 4/4
   179 | D        | Reached XP level 6. HP: 57/73 MP: 5/5
   179 | D        | Reached XP level 7. HP: 63/80 MP: 6/6
   181 | D        | Reached * piety under Makhleb
   188 | D        | Killed a yak
   192 | D        | Reached ** piety under Makhleb
   193 | D        | Reached XP level 8. HP: 12/90 MP: 7/7
   505 | D        | Noticed a slime creature
   505 | D        | Noticed a boulder beetle
   505 | D        | Noticed a gargoyle
   505 | D        | Noticed a red ugly thing
   512 | D        | HP: 1/90 [red ugly thing (21)]
   515 | D        | Annihilated by a boulder beetle

Illustrated notes

Levels and vault maps discovered:
D:        linesprint [early_d, line_temple, items_1, d_10, items_2, lair_1,
          lair_end, items_3, orc_1, orc_end, items_4, d_15, swamp_1, shoals_1,
          snake_1, spider_1, d_20, vaults_1, items_5, swamp_end, shoals_end,
          snake_end, spider_end, vaults_end, d_27, items_6, zot_1, zot_end,
          crypt_end, forest_end, elf_end, slime_end, tomb_end, abyss_end,
          pan_hell_end]

Skill      XL: |  1  2  3  4  5  6  7 |
---------------+----------------------+-----
Fighting       | 8 13 14 | 14.4
Long Blades    | 7 13 14 | 14.2
Armour         | |  3.6
Shields        | |  3.6

Action                   |  1- 3 |  4- 6 |  7- 9 || total
-------------------------+-------+-------+-------++-------
Melee: Long sword        |    13 |     3 |       ||    16
       Headbutt          |     1 |     2 |     6 ||     9
       Scimitar          |       |     6 |    19 ||    25
Invok: Minor Destruction |       |       |     1 ||     1
  Use: Potion            |     2 |     2 |       ||     4
Armor: Scale mail        |     8 |     2 |     4 ||    14
Dodge: Dodged            |     4 |     4 |     7 ||    15
Block: Kite shield       |     9 |     5 |     7 ||    21
       Rpst.: Long sword |       |     1 |       ||     1
       Scimitar          |       |       |     3 ||     3

Table legend: (Time is in decaauts)
 A = Elapsed time spent in this place.
 B = Non-inter-level travel time spent in this place.
 C = Inter-level travel time spent in this place.
 D = Time resting spent in this place.
 E = Time spent auto-exploring this place.
 F = Levels seen in this place.
 G = Mean time per level.
                   A        B        C        D        E       F      G
               +--------+--------+--------+--------+--------+-----+--------+
         Total |    529 |    529 |      0 |    309 |    110 |   1 |  529.0 |
       Dungeon |    529 |    529 |      0 |    309 |    110 |   1 |  529.0 |
               +--------+--------+--------+--------+--------+-----+--------+

Top non-repeatable levels by time:
       D: 529 daAuts
